 Dungeon Crawl Stone Soup version 0.30-a0-1050-g2766ea1e55 (webtiles) character file.

Game seed: 7300256526561830849

128374 Sermion the Executioner (level 17, -2/169 HPs)
             Began as a Hill Orc Berserker on Apr 10, 2023.
             Was the Champion of Trog.
             Slain by a +1 lajatang of electrocution (9 damage)
             ... on level 2 of the Elven Halls.
             The game lasted 00:36:17 (22004 turns).

Sermion the Executioner (Hill Orc Berserker)       Turns: 22004, Time: 00:36:18

Health: -2/169     AC: 33    Str: 34    XL:     17   Next: 3%
Magic:  17/17      EV: 13    Int: 10    God:    Trog [******]
Gold:   4399       SH:  0    Dex: 18    Spells: 16/16 levels left

rFire   . . .      SeeInvis +    O - +8 battleaxe of the Forging Visionary {freeze, rC+ Will++}
rCold   + . .      Faith    .    (shield currently unavailable)
rNeg    . . .      Spirit   .    P - +8 chain mail {ponderous}
rPois   .          Reflect  .    a - +1 helmet
rElec   .          Rampage  .    F - +1 cloak
rCorr   .                        J - +1 pair of gloves
Will    +++++                    c - +1 pair of boots Stlth
                                 r - amulet of regeneration
HPRegen 2.28/turn                k - +6 ring of strength
MPRegen 0.15/turn                m - ring "Kawud" {Will+ Int+3 Dex+8 SInv}

@: strong-willed, on berserk cooldown, regenerating, slowed, studying Shields,
very slow
A: no striking features
a: Renounce Religion, Berserk, Trog's Hand, Brothers in Arms


You were on level 2 of the Elven Halls.
You worshipped Trog.
Trog was exalted by your worship.
You visited 5 branches of the dungeon, and saw 25 of its levels.
You also visited: Ossuary.

You collected 4645 gold pieces.
You spent 246 gold pieces at shops.

Inventory:

Hand Weapons
 D - the +9 war axe "Gouzurr" {flame, Fly Str-4 SInv}
   (You bought it in a shop on level 3 of the Dungeon)

   Str:       It affects your strength (-4).
   SInv:      It lets you see invisible.
   Fly:       It grants you flight.
 M - a +9 war axe
 O - the +8 battleaxe of the Forging Visionary (weapon) {freeze, rC+ Will++}
   (You found it on level 13 of the Dungeon)

   rC:        It protects you from cold.
   Will:      It greatly increases your willpower.
 V - a +1 demon whip of freezing
Armour
 a - a +1 helmet (worn)
 c - a +1 pair of boots (worn)
 F - a +1 cloak (worn)
 J - a +1 pair of gloves (worn)
 P - a +8 chain mail of ponderousness (worn)
 X - a +0 tower shield
Jewellery
 b - the ring of the Sun {Wiz Str+3 SInv}
   (You took it off a deep elf pyromancer on level 1 of the Elven Halls)

   [ring of wizardry]

   It improves your spell success rate.
   Str:       It affects your strength (+3).
   SInv:      It lets you see invisible.
 k - a +6 ring of strength (left hand)
 m - the ring "Kawud" (right hand) {Will+ Int+3 Dex+8 SInv}
   (You found it on level 5 of the Lair of Beasts)

   [ring of willpower]

   Int:       It affects your intelligence (+3).
   Dex:       It affects your dexterity (+8).
   SInv:      It lets you see invisible.
   Will:      It increases your willpower.
 r - an amulet of regeneration (around neck)
 Q - a +6 ring of strength
Wands
 g - a wand of digging (12)
 l - a wand of flame (56)
 y - a wand of roots (14)
 G - a wand of light (12)
 I - a wand of mindburst (37)
 K - a wand of paralysis (7)
 U - a wand of polymorph (4)
Scrolls
 d - 5 scrolls of immolation
 h - 4 scrolls of magic mapping
 j - 6 scrolls of silence
 s - 3 scrolls of butterflies
 t - 2 scrolls of teleportation
 w - 5 scrolls of vulnerability
 x - a scroll of enchant weapon
 C - 4 scrolls of poison
 L - a scroll of fear
 R - 2 scrolls of fog
 W - a scroll of identify
Potions
 e - 12 potions of attraction
 f - 2 potions of invisibility
 i - 9 potions of heal wounds
 o - 8 potions of mutation
 p - 2 potions of magic
 q - 16 potions of curing
 u - 5 potions of degeneration
 v - 7 potions of lignification
 z - 8 potions of flight
 A - 3 potions of berserk rage
 B - a potion of ambrosia
 H - 6 potions of haste
 N - 3 potions of might
 S - 2 potions of resistance


   Skills:
 + Level 19.7 Fighting
 + Level 23.5 Axes
 + Level 17.6 Armour
 + Level 5.1 Dodging
 + Level 2.2 Stealth
 + Level 1.2 Shields


You had 16 spell levels left.
You didn't know any spells.
Your spell library was empty.

Dungeon Overview and Level Annotations

Branches:
Dungeon (15/15)            Temple (0/1) D:7            Lair (5/5) D:9
 Shoals (0/4) Lair:3       Spider (1/4) Lair:3        Slime (0/5) Lair:5
    Orc (2/2) D:10            Elf (2/3) Orc:2        Vaults (0/5) D:13
 Depths (0/4) D:15        Ossuary (visited)

Altars:
Cheibriados
Dithmenos
Elyvilon
Fedhas
Gozag
Kikubaaqudgha
Makhleb
Qazlal
Ru
Sif Muna
Trog
Uskayaw
Wu Jian
Xom
Yredelemnul
Zin
Beogh

Shops:
D:3 (([((   D:12 (   Orc:2 ((*?*   Elf:1 =   Elf:2 !

Portals:
Trove: D:15 (give +6 demon whip)

Annotations:
Lair:2 3 runed translucent doors, steamdo11's ghost, novice FeSu
Lair:5 exclusion: obsidian statue


Message History

You are electrocuted!
You slash the +2 heavy dire flail!
The +2 heavy dire flail is almost destroyed.
You slash the +1 lajatang of electrocution!
The +2 heavy dire flail hits you but does no damage.
The +1 halberd of distortion hits you from afar!
You blink.
You feel a strong urge to attack something.
You are no longer berserk.
You are exhausted.
You feel yourself slow down.
You see here a +4 halberd of freezing.
The +2 heavy dire flail hits you but does no damage.
The +1 lajatang of electrocution hits you!
* * * LOW HITPOINT WARNING * * *
The +1 lajatang of electrocution closely misses you.
Your skin crawls.
You feel strong-willed. The +2 heavy dire flail hits you.
* * * LOW HITPOINT WARNING * * *
The +1 lajatang of electrocution hits you.
* * * LOW HITPOINT WARNING * * *
You are electrocuted!!
* * * LOW HITPOINT WARNING * * *
The +1 halberd of distortion hits you but does no damage.
The +2 heavy dire flail hits you.
* * * LOW HITPOINT WARNING * * *
The +1 lajatang of electrocution hits you but does no damage.
You are electrocuted!
* * * LOW HITPOINT WARNING * * *
The +1 halberd of distortion barely misses you.
As you read the scroll of fear, it crumbles to dust.
You assume a fearsome visage.
The +1 lajatang of electrocution is unaffected.
The deep elf zephyrmancer looks frightened!
The +2 heavy dire flail is unaffected.
The +1 halberd of distortion is unaffected.
The +1 lajatang of electrocution hits you but does no damage.
You are electrocuted!
You die...

...ยง......###..#.......#..##
...........##..#.......#..##
e.....))....#..###...###..#.
......e....##....#...#....##
.....#....###....#...#....##
... ##...#######'''''###### .
##...###...........###
##..(((#)............#.
..#....)@)))..........)..
...........)..............
................).........
...##...##....##.....##....
#.# ##.####..####.#.####..#
## ## #### ##### ####


You could see a deep elf zephyrmancer (fleeing) and 3 dancing weapons.

Vanquished Creatures
  Gastronok (D:11)
  2 deep elf sorcerers
  A balrug (Orc:1)
  Louise (Elf:2)
  A frost giant (D:15)
  4 dire elephants (Lair:5)
  A deep elf annihilator (Elf:1)
  The ghost of Sermion the Severer, a journeyman HOBe of Trog (Orc:2)
  An ettin (Orc:1)
  2 jiangshi (D:13)
  The ghost of Ifreeg the Arsonist, a journeyman OpFE of Gozag (Lair:3)
  2 ice dragons (D:13)
  An ogre mage (D:15)
  4 hydras
  A vault guard (D:13)
  The ghost of Jaakounette the Spry, a journeyman SpBr of Dithmenos (D:12)
  3 centaur warriors
  18 dancing weapons
  4 death yaks
  5 two-headed ogres
  Urug (Lair:5)
  3 boulder beetles
  3 orc high priests (Orc:2)
  A vampire mage (D:13)
  A spectral dire elephant (Lair:5)
  6 tengu warriors
  10 deep elf knights
  3 skeletal warriors (D:13)
  5 skysharks
  A spectral anaconda (Lair:5)
  3 deep elf archers
  A lindwurm (Lair:5)
  An obsidian statue (Orc:2)
  23 deep elf zephyrmancers
  8 orc knights
  4 necromancers (Lair:5)
  22 deep elf pyromancers
  4 orc sorcerers
  A wolf spider (Spider:1)
  2 cyclopes
  A merfolk siren (Lair:3)
  10 elephants
  2 dire elephant zombies (Lair:5)
  Joseph (D:8)
  A guardian serpent (shapeshifter) (D:13)
  3 black mambas
  2 gargoyles
  An unseen horror (D:11)
  8 cane toads
  8 komodo dragons
  Psyche (D:11)
  A kobold demonologist (D:14)
  5 rime drakes
  Maggie (D:8)
  3 freezing wraiths (D:13)
  4 tengu conjurers (D:14)
  2 polar bears (Lair:1)
  10 trolls
  A meliai (Lair:3)
  2 spectral elephants (Lair:5)
  A hornet (D:8)
  3 tarantellas (Spider:1)
  18 blink frogs
  3 centaur simulacra (D:13)
  3 culicivoras (Spider:1)
  6 slime creatures
  2 wraiths
  4 air elementals
  3 wyverns
  A shadow (D:11)
  7 vampires
  A hog (shapeshifter) (D:13)
  44 yaks
  2 basilisks
  Grum (D:8)
  2 water elementals (Elf:2)
  A death yak simulacrum (Lair:5)
  3 fire elementals
  4 steam dragons
  2 wargs
  3 vampire mosquitoes (D:12)
  4 acid dragons
  8 water moccasins
  24 orc warriors
  An ice beast (D:7)
  A black bear (shapeshifter) (Elf:2)
  A black bear (D:6)
  A sky beast (D:7)
  2 elephant zombies (Lair:5)
  8 ogres
  4 boggarts (D:15)
  9 centaurs
  3 wolves (D:8)
  4 elf zombies (Ossuary)
  13 bullfrogs
  7 kobold brigands
  A gnoll sergeant (D:8)
  3 earth elementals (Elf:1)
  A scorpion (D:6)
  5 wights (D:8)
  An elephant simulacrum (Lair:5)
  5 killer bees (Lair:3)
  5 electric eels
  3 howler monkeys
  2 centaur zombies (Ossuary)
  4 hounds
  5 jellies
  19 orc priests
  6 human zombies (Ossuary)
  A gnoll bouda (D:8)
  5 iguanas
  18 orc wizards
  3 mummies (Ossuary)
  18 gnolls
  9 adders
  A shadow imp (D:6)
  A white imp (D:7)
  3 ufetubi
  A worm (D:8)
  2 dart slugs
  61 orcs
  3 ball pythons
  3 bats
  7 endoplasms
  7 giant cockroaches
  3 goblins
  5 hobgoblins
  3 jackals (D:5)
  6 quokkas
  3 frilled lizards
  28 kobolds
  4 rats
684 creatures vanquished.

Vanquished Creatures (others)
  A boggart (D:15)
  An orc wizard (D:10)
  A white imp (D:7)
  An orc (D:10)
  19 fungi
  31 plants
  25 withered plants (Lair:5)
79 creatures vanquished.

Grand Total: 763 creatures vanquished

Notes
Turn   | Place    | Note
-------+----------+-------------------------------------------
     0 | D:1      | Sermion the Hill Orc Berserker began the quest for the Orb.
     0 | D:1      | Reached XP level 1. HP: 19/19 MP: 1/1
   195 | D:1      | Reached XP level 2. HP: 24/27 MP: 2/2
   230 | D:1      | Reached XP level 3. HP: 15/33 MP: 3/3
   918 | D:2      | Found a faded altar of an unknown god.
  1711 | D:3      | Found Paiggom's Weapon Boutique.
  1789 | D:3      | Found Xitec's Weapon Shoppe.
  1827 | D:3      | Reached XP level 4. HP: 39/41 MP: 4/4
  1836 | D:3      | Reached ** piety under Trog
  1862 | D:3      | Reached skill level 5 in Axes
  1884 | D:3      | Found Gunaitag's Antique Weapon Shoppe.
  1921 | D:3      | Found Wentiru's Armour Boutique.
  2298 | D:3      | Found Suroklea's Weapon Boutique.
  2347 | D:3      | Found a blossoming altar of Fedhas.
  2532 | D:4      | Noticed an ogre
  2539 | D:4      | Killed an ogre
  2540 | D:4      | Reached XP level 5. HP: 14/47 MP: 5/5
  2671 | D:4      | Found a sacrificial altar of Ru.
  2695 | D:4      | Reached skill level 5 in Fighting
  2696 | D:4      | Reached skill level 6 in Axes
  2696 | D:4      | Reached XP level 6. HP: 49/56 MP: 6/6
  2796 | D:5      | Entered Level 5 of the Dungeon
  2868 | D:5      | Found a sand-covered staircase.
  2873 | Ossuary  | Entered an ossuary
  2956 | Ossuary  | Reached XP level 7. HP: 59/61 MP: 7/7
  3028 | Ossuary  | Reached skill level 7 in Axes
  3028 | Ossuary  | Reached skill level 5 in Armour
  3132 | Ossuary  | Reached skill level 8 in Axes
  3144 | Ossuary  | Reached XP level 8. HP: 70/70 MP: 8/8
  3467 | D:4      | Found a burning altar of Makhleb.
  3467 | D:4      | Noticed a balrug
  3823 | D:5      | You fall into a shaft and drop 2 floors!
  3936 | D:7      | Found a glowing silver altar of Zin.
  3979 | D:6      | Noticed a gargoyle
  3991 | D:6      | Killed a gargoyle
  3992 | D:6      | Reached skill level 9 in Axes
  4147 | D:3      | Bought a smoking war axe for 246 gold pieces
  4147 | D:3      | Identified the +9 war axe "Gouzurr" {flame, Fly Str-4 SInv}
                  | (You bought it in a shop on level 3 of the Dungeon)
  4259 | D:6      | Reached *** piety under Trog
  4311 | D:6      | Reached skill level 10 in Axes
  4311 | D:6      | Reached XP level 9. HP: 79/79 MP: 9/9
  4816 | D:7      | Found a white marble altar of Elyvilon.
  4823 | D:7      | Reached skill level 11 in Axes
  5093 | D:7      | Found a staircase to the Ecumenical Temple.
  5221 | D:8      | Noticed Joseph
  5237 | D:8      | Killed Joseph
  5238 | D:8      | Reached skill level 1 in Stealth
  5290 | D:8      | Noticed Grum
  5295 | D:8      | Reached skill level 12 in Axes
  5306 | D:8      | Reached XP level 10. HP: 90/90 MP: 10/10
  5312 | D:8      | Killed Grum
  5344 | D:8      | Found a large runed translucent door.
  5344 | D:8      | Found a large runed translucent door.
  5465 | D:8      | Reached **** piety under Trog
  5524 | D:8      | Noticed Maggie
  5531 | D:8      | Killed Maggie
  5564 | D:8      | Reached skill level 13 in Axes
  5609 | D:8      | Found a snail-covered altar of Cheibriados.
  5866 | D:8      | Reached skill level 14 in Axes
  5891 | D:8      | Found a bloodstained altar of Trog.
  5896 | D:8      | Found a hide-covered altar of Uskayaw.
  5938 | D:8      | Identified a scroll of acquirement
  5944 | D:8      | Acquired 920 gold pieces
  6142 | D:9      | Found a staircase to the Lair.
  6150 | D:9      | Found a stormy altar of Qazlal.
  6249 | D:9      | Found a shimmering blue altar of Sif Muna.
  6341 | D:9      | Found a shadowy altar of Dithmenos.
  6357 | D:9      | Found a shimmering altar of Xom.
  6419 | D:9      | Found an ornate altar of the Wu Jian Council.
  6657 | D:9      | Reached XP level 11. HP: 95/97 MP: 11/11
  6899 | Lair:1   | Entered Level 1 of the Lair of Beasts
  7028 | Lair:1   | Reached skill level 15 in Axes
  7206 | Lair:1   | Noticed a skyshark
  7225 | Lair:1   | Killed a skyshark
  7226 | Lair:1   | Reached skill level 10 in Fighting
  7355 | Lair:1   | Reached skill level 10 in Armour
  7915 | Lair:2   | Noticed a death yak
  7915 | Lair:2   | Noticed a death yak
  7923 | Lair:2   | Noticed a death yak
  7932 | Lair:2   | Killed a death yak
  7933 | Lair:2   | Reached skill level 16 in Axes
  7935 | Lair:2   | Killed a death yak
  7939 | Lair:2   | Killed a death yak
  7982 | Lair:2   | Noticed an eight-headed hydra
  7986 | Lair:2   | Reached ***** piety under Trog
  7992 | Lair:2   | Killed a five-headed hydra
  7993 | Lair:2   | Reached XP level 12. HP: 108/108 MP: 12/12
  8511 | Lair:2   | Found a runed translucent gate.
  8511 | Lair:2   | Found a runed translucent gate.
  8513 | Lair:2   | Found a runed translucent gate.
  8513 | Lair:2   | Noticed a nine-headed hydra
  8513 | Lair:2   | Noticed steamdo11's ghost (novice FeSu)
  8514 | Lair:2   | Noticed an 11-headed hydra
  8523 | Lair:2   | Reached skill level 17 in Axes
  9065 | Lair:3   | Found a runed translucent door.
  9065 | Lair:3   | Noticed an eight-headed hydra
  9066 | Lair:3   | Noticed Ifreeg's ghost (journeyman OpFE)
  9443 | Lair:3   | Found a staircase to the Shoals.
  9507 | Lair:3   | Noticed a skyshark
  9514 | Lair:3   | Killed a skyshark
  9578 | Lair:3   | Found a hole to the Spider Nest.
  9583 | Lair:3   | Received a gift from Trog
  9729 | Lair:3   | Acquired a manual of Shields
 10038 | Lair:4   | Noticed a skyshark
 10052 | Lair:4   | Killed a skyshark
 10328 | Lair:4   | Reached skill level 18 in Axes
 10719 | Lair:4   | Reached XP level 13. HP: 101/117 MP: 13/13
 10938 | Lair:5   | Entered Level 5 of the Lair of Beasts
 11054 | Lair:3   | Killed Ifreeg's ghost
 11487 | Lair:5   | Noticed a dire elephant
 11487 | Lair:5   | Noticed a dire elephant
 11487 | Lair:5   | Noticed a dire elephant
 11487 | Lair:5   | Noticed a dire elephant
 11493 | Lair:5   | Killed a dire elephant
 11587 | Lair:5   | Reached skill level 19 in Axes
 11674 | Lair:5   | Identified the ring "Kawud" {Will+ Int+3 Dex+8 SInv}
 11880 | Lair:5   | Killed a dire elephant
 11881 | Lair:5   | Reached XP level 14. HP: 133/133 MP: 14/14
 11891 | Lair:5   | Killed a dire elephant
 11892 | Lair:5   | Killed a dire elephant
 12026 | Lair:5   | Noticed Urug
 12045 | Lair:5   | Killed Urug
 12129 | Lair:5   | Received a gift from Trog
 12227 | Lair:5   | Found a staircase to the Slime Pits.
 12625 | Spider:1 | Entered Level 1 of the Spider Nest
 12643 | Spider:1 | Reached skill level 15 in Fighting
 13042 | D:10     | Entered Level 10 of the Dungeon
 13073 | D:10     | Found an ancient bone altar of Kikubaaqudgha.
 13132 | D:10     | Found a roughly hewn altar of Beogh.
 13174 | D:10     | Found a staircase to the Orcish Mines.
 13392 | D:10     | Reached skill level 15 in Armour
 13747 | D:11     | Noticed Gastronok
 13755 | D:11     | Killed Gastronok
 13856 | D:11     | Reached skill level 20 in Axes
 14279 | D:11     | Noticed Psyche
 14285 | D:11     | Killed Psyche
 14639 | D:12     | Found a gate leading to a gauntlet.
 14688 | D:12     | Found Teecir's Weapon Shop.
 14748 | D:12     | Found a runed translucent door.
 14748 | D:12     | Found a shimmering altar of Xom.
 14748 | D:12     | Noticed Jaakounette's ghost (journeyman SpBr)
 15137 | D:12     | Killed Jaakounette's ghost
 15145 | D:12     | Identified the staff of earth "Toduyr" {Str+4}
 15644 | D:13     | Got the +8 battleaxe of the Forging Visionary {freeze, rC+
                  | Will++}
 16013 | D:13     | Reached skill level 1 in Shields
 16021 | D:13     | Reached XP level 15. HP: 99/144 MP: 15/15
 16068 | D:13     | Found a gate to the Vaults.
 16657 | D:13     | Found a basalt altar of Yredelemnul.
 17076 | D:14     | Reached skill level 21 in Axes
 17462 | D:15     | Entered Level 15 of the Dungeon
 17698 | D:15     | Reached ****** piety under Trog
 17698 | D:15     | Received a gift from Trog
 17713 | D:15     | Reached skill level 5 in Dodging
 17738 | D:15     | Found a portal to a secret trove of treasure.
 18018 | D:15     | Found a staircase to the Depths.
 18018 | D:15     | Noticed a frost giant
 18023 | D:15     | Killed a frost giant
 18267 | Orc:1    | Entered Level 1 of the Orcish Mines
 18813 | Orc:1    | Found a runed translucent door.
 18817 | Orc:1    | Noticed a balrug
 18861 | Orc:1    | Found a dark tunnel.
 18960 | Orc:1    | Killed a balrug
 18962 | Orc:1    | Identified the +0 war axe of Greed {protect, Int+2}
 19091 | Orc:2    | Entered Level 2 of the Orcish Mines
 19141 | Orc:2    | Found a staircase to the Elven Halls.
 19277 | Orc:2    | Found a runed translucent gate.
 19277 | Orc:2    | Found a runed translucent gate.
 19277 | Orc:2    | Found a runed translucent gate.
 19278 | Orc:2    | Found an opulent altar of Gozag.
 19279 | Orc:2    | Noticed Sermion's ghost (journeyman HOBe)
 19281 | Orc:2    | Found Iveom's Assorted Antiques.
 19392 | Orc:2    | Received a gift from Trog
 19462 | Orc:2    | Found Mostryqagh's Magic Scroll Boutique.
 19462 | Orc:2    | Found Xowekeon's General Store.
 19465 | Orc:2    | Found Kestreiru's Antique Weapon Boutique.
 19465 | Orc:2    | Found Wamyrox's Weapon Shoppe.
 19708 | Orc:2    | Killed Sermion's ghost
 19709 | Orc:2    | Reached skill level 22 in Axes
 19790 | Elf:1    | Entered Level 1 of the Elven Halls
 19809 | Orc:2    | Reached XP level 16. HP: 87/157 MP: 16/16
 20117 | Elf:1    | Identified the ring of the Sun {Wiz Str+3 SInv}
 20492 | Elf:1    | Found Poiggebu's Jewellery Boutique.
 20493 | Elf:1    | Paralysed by an air elemental for 1 turns
 20498 | Elf:1    | Received a gift from Trog
 20498 | Elf:1    | Paralysed by an air elemental for 1 turns
 20871 | Elf:2    | Reached skill level 23 in Axes
 21131 | Elf:2    | Found Siames's Distillery.
 21367 | Elf:2    | Found a huge runed translucent gate.
 21367 | Elf:2    | Found a huge runed translucent gate.
 21367 | Elf:2    | Found a huge runed translucent gate.
 21367 | Elf:2    | Found a huge runed translucent gate.
 21382 | Elf:2    | Found a huge runed translucent gate.
 21719 | Elf:2    | Acquired 881 gold pieces
 21726 | Elf:2    | Acquired 793 gold pieces
 21760 | Elf:2    | Received a gift from Trog
 21785 | Elf:2    | Noticed Louise
 21938 | Elf:2    | Killed Louise
 21939 | Elf:2    | Reached XP level 17. HP: 138/169 MP: 17/17
 22003 | Elf:2    | HP: 3/169 [+1 lajatang of electrocution (10)]
 22004 | Elf:2    | Slain by a +1 lajatang of electrocution

Illustrated notes

Levels and vault maps discovered:
D:1:      heliophobic_arrival_ceremonial_halls, layout_loops_ring
D:2:      cheibrodos_old_hovel, layout_basic,
          ebering_ecumenical_altar_sacrificial, minmay_worlds_worst_comb
D:3:      layout_basic, lemuel_crystal_altar, serial_shops, shop_statue,
          nicolae_shop_advertising_works [nicolae_subvault_shop_adworks], shop,
          shop, shop, nicolae_half_adder
D:4:      layout_basic, makhleb_altar_promises_db, old_standard_altar,
          dreamdust_gnoll_farm
D:5:      layout_basic, nicolae_ossuary_entry_plus, serial_bayou_pond_d,
          serial_park_tiny_pond
D:6:      layout_loops_ring
D:7:      layout_gridville, elyvilon_altar_5, zin_treasury,
          minmay_temple_entry_statues_pillars, minmay_between
D:8:      layout_rooms, slow_altar_2, jmf_multi_god_temple2,
          minmay_large_rounded_square, uniq_maggie, uniq_grum, uniq_joseph
D:9:      layout_cave_pods, nicolae_overflow_quartered_altars,
          old_standard_altar, lair_entry_dummy
D:10:     layout_basic, nicolae_kikubaaqudgha_miasma_corner, david_orc_5,
          chequers_big_river
D:11:     layout_basic, uniq_psyche, uniq_gastronok
D:12:     layout_irregular_city, serial_shops,
          nicolae_shop_temple_entry_statues_fountains, ebering_ghost_xom,
          gauntlet_entry_generic, serial_column_ruins,
          column_ruins_courtyard_long, column_ruins_open_tiny,
          column_ruins_open_tiny, column_ruins_open_small,
          column_ruins_open_tiny
D:13:     minmay_coctagon, layout_layer_cave, david_vaults_4,
          nicolae_nh_vlads_tower
D:14:     layout_cave_pools, serial_park_gazebo [serial_park_minivault_5x5_2]
D:15:     grunt_enter_depths_snipers, layout_basic, enter_trove_2
Lair:1:   layout_cave_pods, minmay_shattered_shrine
Lair:2:   layout_gridlike, gammafunk_ghost_hydra_chop,
          grunt_forest_small_clearings, infiniplex_staircase_pool
Lair:3:   layout_cave_shapes, minmay_shoals_entry_lonely_mermaid,
          hellmonk_spider_entry_not_the_bees, ebering_ghost_inner_flame
Lair:4:   layout_cave_pods, serial_bayou_shore_a, grunt_megastairs_5
Lair:5:   due_jungle_book, layout_gridlike, nicolae_slime_entry_slimehenge,
          serial_bayou_pond_b, uniq_urug
Spider:1: layout_spider_delve, nicolae_spider_orb_run, uniq_azrael
Orc:1:    dreamdust_dug_too_deep, layout_caves, enter_volcano_4
Orc:2:    grunt_orc_tribal_feast, layout_diamond_mine, ebering_ghost_gozag,
          nicolae_orc_lava_room
Elf:1:    minmay_elf_arrival_summoners, layout_geoelf_diagonals, serial_shops,
          shop, hangedman_elf_represent, columned_hall_lemuel
Elf:2:    elven_hall_of_blades_hangedman_alternative [grunt_blade_entry_basic],
          layout_loops_ring, serial_shops, shop, minivault_23,
          nicolae_elf_variegated_diamond, uniq_louise

Skill      XL: |  1  2  3  4  5  6  7  8  9 10 11 12 13 14 15 16 |
---------------+-------------------------------------------------+-----
Fighting       | 4 5 6 7 8 9 10 11 14 16 18 19 | 19.7
Dodging        | 2 3 4 5 |  5.1
Axes           | 5 6 8 10 12 14 16 18 19 20 22 23 | 23.5
Armour         | 3 4 5 6 7 9 11 13 14 15 16 17 | 17.6
Stealth        | 1 2 |  2.2
Shields        | 1 |  1.2

Action                     |  1- 3 |  4- 6 |  7- 9 | 10-12 | 13-15 | 16-18 || total
---------------------------+-------+-------+-------+-------+-------+-------++-------
  Melee: Hand axe          |    91 |   186 |   253 |       |       |       ||   530
         Punch             |     1 |     1 |     7 |     6 |    12 |       ||    27
         War axe           |       |       |    75 |   349 |   473 |       ||   897
         Battleaxe         |       |       |       |       |   327 |   229 ||   556
 Invoke: Berserk           |     1 |     2 |     2 |     5 |    16 |     9 ||    35
         Trog's Hand       |       |     3 |       |       |     4 |     2 ||     9
    Use: Scroll            |       |       |       |    20 |    23 |     6 ||    49
         Potion            |       |       |       |       |       |     2 ||     2
 Armour: Animal skin       |     7 |       |       |       |       |       ||     7
         Ring mail         |    23 |    86 |    92 |       |       |       ||   201
         Plate armour      |       |       |    10 |   191 |   460 |   101 ||   762
         Chain mail        |       |       |       |       |       |    12 ||    12
  Dodge: Dodged            |    58 |   134 |   157 |   106 |   322 |    90 ||   867
  Block: Buckler           |       |       |       |       |     5 |       ||     5

Table legend: (Time is in decaauts)
 A = Elapsed time spent in this place.
 B = Non-inter-level travel time spent in this place.
 C = Inter-level travel time spent in this place.
 D = Time resting spent in this place.
 E = Time spent auto-exploring this place.
 F = Levels seen in this place.
 G = Mean time per level.
                   A        B        C        D        E       F      G
               +--------+--------+--------+--------+--------+-----+--------+
         Total |  21927 |  20166 |   1761 |      0 |  16264 |  26 |  843.3 |
       Dungeon |  11883 |  10989 |    894 |      0 |   8937 |  15 |  792.2 |
          Lair |   5953 |   5279 |    674 |      0 |   4524 |   5 | 1190.6 |
   Spider Nest |     81 |     81 |      0 |      0 |     10 |   1 |   81.0 |
  Orcish Mines |   1573 |   1390 |    183 |      0 |   1111 |   2 |  786.5 |
   Elven Halls |   2165 |   2155 |     10 |      0 |   1612 |   2 | 1082.5 |
       Ossuary |    271 |    271 |      0 |      0 |     69 |   1 |  271.0 |
               +--------+--------+--------+--------+--------+-----+--------+

Top non-repeatable levels by time:
    D:13: 1795 daAuts
  Lair:3: 1562 daAuts
  Lair:5: 1365 daAuts
   Elf:2: 1166 daAuts
  Lair:1: 1051 daAuts
     D:9: 999 daAuts
   Elf:1: 998 daAuts
  Lair:4: 994 daAuts
  Lair:2: 978 daAuts
     D:1: 918 daAuts
    D:12: 860 daAuts
     D:4: 844 daAuts
   Orc:1: 825 daAuts
     D:2: 804 daAuts
     D:3: 795 daAuts
